 Dungeon Crawl Stone Soup version 0.28-a0-1182-g381e24db82 (webtiles) character file.

Game seed: 14221405190888503842

852 enile the Conjurer (level 7, -2/57 HPs)
             Began as a Red Draconian Conjurer on Dec 16, 2021.
             Was an Initiate of Yredelemnul.
             Slain by a hornet zombie (7 damage)
             ... on level 6 of the Dungeon.
             The game lasted 00:13:34 (7157 turns).

enile the Conjurer (Red Draconian Conjurer)         Turns: 7157, Time: 00:13:35

Health: -2/57      AC:  6    Str: 11    XL:     7   Next: 69%
Magic:  11/11      EV: 12    Int: 18    God:    Yredelemnul [......]
Gold:   294        SH:  4    Dex: 10    Spells: 5/12 levels left

rFire   + . .      SeeInvis .   r - staff of conjuration
rCold   . . .      Faith    .   k - +0 buckler
rNeg    . . .      Spirit   .   (armour unavailable)
rPois   .          Reflect  .   (helmet restricted)
rElec   .          Harm     .   (no cloak)
rCorr   .          Rampage  .   (no gloves)
Will    .....                   (no boots)
Stlth   ++........              (no amulet)
HPRegen 0.19/turn               (no ring)
MPRegen 0.12/turn               (no ring)

@: no status effects
A: breathe fire, AC +6, unfitting armour, fire resistance 1, cold-blooded
a: Breathe Fire, Renounce Religion, Recall Undead Harvest


You were on level 6 of the Dungeon.
You worshipped Yredelemnul.
Yredelemnul was noncommittal.
You visited 2 branches of the dungeon, and saw 7 of its levels.

You collected 294 gold pieces.

Inventory:

Hand Weapons
 c - a +2 vampiric short sword
 f - a +0 dagger of venom
Missiles
 g - 15 poisoned darts
 l - 5 silver javelins
Armour
 k - a +0 buckler (worn)
Magical Staves
 r - a staff of conjuration (weapon)
Jewellery
 s - a ring of resist corrosion
Wands
 n - a wand of flame (20)
Scrolls
 a - 6 scrolls of identify {unknown}
 b - a scroll of torment {unknown}
 d - a scroll of fear
 m - a scroll of fog {unknown}
 t - a scroll of enchant weapon {unknown}
 v - a scroll of holy word {unknown}
Potions
 e - 2 potions of lignification {unknown}
 h - a potion of magic
 i - 2 potions of ambrosia {unknown}
 j - a potion of curing
 o - a potion of heal wounds {unknown}
 p - a potion of mutation {unknown}
 q - a potion of degeneration {unknown}
 u - a potion of flight {unknown}


   Skills:
 - Level 3.0 Fighting
 - Level 2.0 Short Blades
 - Level 2.0 Staves
 - Level 2.0 Dodging
 - Level 1.7 Stealth
 - Level 4.0 Shields
 - Level 3.0 Spellcasting
 - Level 5.0 Conjurations
 + Level 2.4 Translocations
 - Level 3.0 Invocations
 - Level 2.0 Evocations


You had 5 spell levels left.
You knew the following spells:

 Your Spells              Type           Power      Damage    Failure   Level
a - Magic Dart            Conj           100%       1d8       1%          1
b - Searing Ray           Conj           62%        2d6       3%          2
c - Iskenderun's Mystic   Conj/Tloc      24%        2d7       34%         4

Your spell library contained the following spells:

 Spells                   Type           Power      Damage    Failure   Level
 Apportation              Tloc           22%        N/A       6%          1
 Animate Skeleton         Necr           4%         N/A       16%         1
 Beastly Appendage        Tmut           4%         N/A       16%         1
 Pain                     Necr           8%         1d4       16%         1
 Summon Small Mammal      Summ           8%         N/A       16%         1
 Dazzling Flash           Conj/Hex       34%        N/A       17%         3
 Wereblood                Tmut           2%         N/A       24%         2
 Spider Form              Tmut/Pois      2%         N/A       43%         3
 Vampiric Draining        Necr           2%         2d6       43%         3
 Fulminant Prism          Conj/Hex       8%         3d7       50%         4
 Agony                    Necr           2%         N/A       99%         5
 Excruciating Wounds      Necr           1%         N/A       99%         5


Dungeon Overview and Level Annotations

Branches:
Dungeon (6/15)             Temple (1/1) D:5

Altars:
Ashenzari
Cheibriados
Dithmenos
Elyvilon
Fedhas
Gozag
Hepliaklqana
Makhleb
Nemelex Xobeh
Okawaru
Qazlal
Ru
Sif Muna
Uskayaw
Vehumet
Wu Jian
Yredelemnul
The Shining One


Innate Abilities, Weirdness & Mutations

You can breathe blasts of fire.
Your fiery red scales are hard. (AC +6)
You cannot fit into any form of body armour.
Your flesh is heat resistant. (rF+)
You are cold-blooded and may be slowed by cold attacks.


Message History

Your Evocations skill gained 2 levels and is now at level 2!
You need to enable at least one skill for training.
A hornet zombie is nearby!
The hornet zombie hits you but does no damage.
You hit the hornet zombie.
The hornet zombie is lightly damaged.
The hornet zombie barely misses you.
You hit the hornet zombie.
The hornet zombie is lightly damaged.
The hornet zombie hits you. The hornet zombie hits you!
* * * LOW HITPOINT WARNING * * *
You are too injured to fight recklessly!
You are too injured to fight recklessly!
Your steam dragon zombie bites the hornet zombie but does no damage.
Your steam dragon zombie barely misses the hornet zombie.
Your steam dragon zombie bites the hornet zombie but does no damage.
Your steam dragon zombie barely misses the hornet zombie.
The hornet zombie hits you but does no damage.
The hornet zombie misses you. The hornet zombie closely misses you.
Found 8 gold pieces.
The hornet zombie closely misses you. The hornet zombie hits you.
* * * LOW HITPOINT WARNING * * *
Okay, then.
You can't do that yet.
The hornet zombie barely misses you.
You have got your breath back.
You block the hornet zombie's attack. The hornet zombie closely misses you.
The hornet zombie hits you but does no damage.
Press: ? - help, v - describe, . - travel The floor.
The hornet zombie hits you!
* * * LOW HITPOINT WARNING * * *
There is a stone staircase leading down here.
You can't go up here!
The hornet zombie barely misses you. The hornet zombie hits you!
You die...
Your body rises from the dead as a mindless zombie.

# #.............##..# #
##......###.......#
###.......# #Z..?...###
##........###..#......#
.#.........###.#......#
...###.....###.....##.#
.#..........#......# .
.#......#........###
.......##...#..Z@.#
..#...##..........#
..##..###.....#......
..##..........#......#
.....##...##.....##..#
.##).#.....#.....# ....
.....[....#....... #..#
.#.......##........ #..
###.............#


You could see a hornet zombie (ally target) and a friendly steam dragon zombie.

Vanquished Creatures
  A steam dragon (D:6)
  A black bear (D:4)
  A phantom (D:6)
  2 scorpions (D:4)
  A water moccasin zombie (D:5)
  A water moccasin skeleton (D:5)
  A bullfrog skeleton (D:4)
  An iguana (D:5)
  An orc wizard (D:4)
  A howler monkey zombie (D:6)
  4 gnolls
  5 adders
  A shadow imp (D:5)
  An ufetubus (D:5)
  An adder skeleton (D:4)
  A worm (D:2)
  5 dart slugs
  3 orcs
  6 endoplasms
  4 hobgoblins
  4 jackals
  5 quokkas
  13 ball pythons
  2 bats
  A frilled lizard (D:1)
  12 goblins
  10 kobolds
  4 rats
93 creatures vanquished.

Vanquished Creatures (collateral kills)
  A bullfrog skeleton (D:5)
  A howler monkey zombie (D:5)
  2 adders
  An ufetubus (D:5)
  An orc (D:6)
6 creatures vanquished.

Vanquished Creatures (others)
  2 adder zombies
  A spectral ufetubus (D:5)
  9 plants (D:3)
12 creatures vanquished.

Grand Total: 111 creatures vanquished

Notes
Turn   | Place    | Note
-------+----------+-------------------------------------------
     0 | D:1      | enile the Draconian Conjurer began the quest for the Orb.
     0 | D:1      | Reached XP level 1. HP: 14/14 MP: 3/3
   328 | D:1      | Reached skill level 1 in Fighting
   570 | D:1      | Reached XP level 2. HP: 24/24 MP: 0/5
  1103 | D:2      | Reached skill level 1 in Short Blades
  1274 | D:2      | Learned a level 2 spell: Searing Ray
  1535 | D:2      | Reached XP level 3. HP: 30/30 MP: 4/6
  1765 | D:2      | Found a faded altar of an unknown god.
  3041 | D:2      | Reached XP level 4. HP: 20/38 MP: 0/8
  4234 | D:4      | Reached XP level 5. HP: 45/45 MP: 9/9
  4239 | D:4      | Learned a level 4 spell: Iskenderun's Mystic Blast
  4613 | D:4      | Reached skill level 5 in Conjurations
  4613 | D:4      | Reached skill level 1 in Shields
  5172 | D:4      | Reached XP level 6. HP: 37/51 MP: 1/10
  5691 | D:5      | Entered Level 5 of the Dungeon
  5691 | D:5      | Found a staircase to the Ecumenical Temple.
  5701 | Temple   | Entered the Ecumenical Temple
  5841 | Temple   | Became a worshipper of Yredelemnul the Dark
  6042 | D:5      | Reached skill level 1 in Invocations
  6321 | D:5      | Found a sparkling altar of Nemelex Xobeh.
  6373 | D:5      | Found a snail-covered altar of Cheibriados.
  6454 | D:5      | Your scales start taking on a fiery red colour.
  6454 | D:5      | Reached XP level 7. HP: 47/57 MP: 4/11
  6454 | D:5      | Gained mutation: Your flesh is heat resistant. (rF+) [Red
                  | Draconian growth]
  6463 | D:5      | Reached skill level 1 in Staves
  6736 | D:6      | Reached skill level 1 in Translocations
  6902 | D:6      | Found a hazy altar of Hepliaklqana.
  7100 | D:6      | Noticed a steam dragon
  7114 | D:6      | Killed a steam dragon
  7157 | D:6      | Slain by a hornet zombie

Illustrated notes

Levels and vault maps discovered:
D:1:      eino_arrival_tree_alley, layout_basic
D:2:      layout_basic, dreamdust_ecumenical_altar_grove, minmay_heptomino_h4
D:3:      layout_basic, kennysheep_decorative_pillar, chequers_big_river
D:4:      layout_gridville
D:5:      layout_rooms, lemuel_tele_altar, nemelex_diamond_rough_becter,
          minmay_temple_entry_butterflies
D:6:      layout_cave_pools, old_standard_altar, minmay_tree_intersection
Temple:   regret_index_temple_waves

Skill      XL: |  1  2  3  4  5  6  7 |
---------------+----------------------+-----
Fighting       | 1 2 3 |  3.0
Short Blades   | 1 2 |  2.0
Spellcasting   | 3 |  3.0
Conjurations   | 5 |  5.0
Dodging        | 2 |  2.0
Shields        | 2 4 |  4.0
Invocations    | 2 3 |  3.0
Staves         | 2 |  2.0
Translocations | 2 |  2.4
Evocations     | 2 |  2.0
Stealth        | |  1.7

Action                   |  1- 3 |  4- 6 |  7- 9 || total
-------------------------+-------+-------+-------++-------
Melee: Short sword       |    38 |       |       ||    38
       Tailslap          |     2 |    10 |       ||    12
       Dagger            |     9 |    64 |       ||    73
       Staff             |       |    22 |    30 ||    52
 Cast: Magic Dart        |    65 |    66 |    16 ||   147
       Searing Ray       |     7 |    15 |     5 ||    27
 Abil: Breathe Fire      |       |       |     1 ||     1
Evoke: Wand              |       |     2 |     3 ||     5
  Use: Potion            |       |     2 |       ||     2
       Scroll            |       |     1 |       ||     1
 Stab: Sleeping          |     1 |       |       ||     1
       Distracted        |       |     1 |       ||     1
Armor: Skin              |    14 |    37 |    11 ||    62
Dodge: Dodged            |    40 |    60 |    21 ||   121
Block: Buckler           |       |     8 |     6 ||    14

Table legend: (Time is in decaauts)
 A = Elapsed time spent in this place.
 B = Non-inter-level travel time spent in this place.
 C = Inter-level travel time spent in this place.
 D = Time resting spent in this place.
 E = Time spent auto-exploring this place.
 F = Levels seen in this place.
 G = Mean time per level.
                   A        B        C        D        E       F      G
               +--------+--------+--------+--------+--------+-----+--------+
         Total |   7181 |   6956 |    225 |    343 |   5753 |   7 | 1025.9 |
       Dungeon |   7024 |   6832 |    192 |    343 |   5641 |   6 | 1170.7 |
        Temple |    157 |    125 |     32 |      0 |    112 |   1 |  157.0 |
               +--------+--------+--------+--------+--------+-----+--------+

Top non-repeatable levels by time:
     D:2: 2095 daAuts
     D:4: 1545 daAuts
     D:1: 1091 daAuts
     D:3: 973 daAuts
     D:5: 848 daAuts
     D:6: 469 daAuts
  Temple: 157 daAuts
